 Dungeon Crawl Stone Soup version 0.18-a0-846-g91b95b1 (webtiles) character file.

158 tof the Covered (level 5, 0/70 HPs)
             Began as a Minotaur Fighter on Dec 20, 2015.
             Was an Initiate of Elyvilon.
             Slain by a gnoll (3 damage)
             ... on level 4 of the Dungeon.
             The game lasted 00:10:12 (2364 turns).

tof the Covered (Minotaur Fighter)                  Turns: 2364, Time: 00:10:12

Health: 0/70       AC: 22    Str: 21    XL:     5   Next: 16%
Magic:  4/4        EV:  2    Int: 10    God:    Elyvilon [......]
Gold:   177        SH: 10    Dex: 15    Spells: 0 memorised, 4 levels left

rFire  + . .     SeeInvis .     a - +1 war axe
rCold  x . .     Gourm    .     (armour currently unavailable)
rNeg   + + +     Faith    .     c - +0 shield
rPois  +         Spirit   .     (helmet currently unavailable)
rElec  .         Dismiss  .     (cloak currently unavailable)
rCorr  .         Reflect  .     (gloves currently unavailable)
SustAt .         Harm     .     (boots currently unavailable)
MR     .....     NoTele   +     (no amulet)
Stlth  ++........               (no ring)
                                l - ring of fire

@: brilliant, agile, lethally poisoned (0 -> 0), tree-form, very slightly
contaminated, hasted, very quick, not resistant to hostile enchantments,
unstealthy
A: (retaliatory headbutt), (horns 0)
a: Renounce Religion


You were on level 4 of the Dungeon.
You worshipped Elyvilon.
Elyvilon was noncommittal.
You were hungry.
You were a tree.
You visited 1 branch of the dungeon, and saw 4 of its levels.

You collected 177 gold pieces.

Inventory:

Hand Weapons
 a - a +1 war axe (weapon)
Armour
 c - a +0 shield (worn)
 t - the +3 leather armour "Loghonn" (melded) {rCorr Int+2 Dex+4}
   (You found it on level 4 of the Dungeon)

   It affects your intelligence (+2).
   It affects your dexterity (+4).
   It protects you from acid and corrosion.
 v - a +2 pair of boots (melded)
Jewellery
 l - a ring of fire (left branch)
Wands
 A - a wand of random effects (44/48)
Scrolls
 j - a scroll of magic mapping
 m - 3 scrolls of recharging
 o - 5 scrolls of amnesia
 s - a scroll of noise {unknown}
 u - 2 scrolls of blinking {unknown}
 y - a scroll of enchant armour {unknown}
Potions
 d - 2 potions of might
 e - a potion of brilliance
Comestibles
 f - 4 bread rations
 g - 3 slices of pizza
 k - 2 meat rations


   Skills:
 * Level 4.5 Fighting
 * Level 3.8 Axes
 * Level 4.8 Armour
 + Level 0.7 Dodging
 + Level 4.6 Shields


You had 4 spell levels left.
You didn't know any spells.

Dungeon Overview and Level Annotations

Branches:
Dungeon (4/15)
 Temple: D:4-7

Altars:
Elyvilon
Fedhas
Kikubaaqudgha


Innate Abilities, Weirdness & Mutations

((You reflexively headbutt those who attack you in melee.))
((You have a pair of horns on your head.))


Message History

The +3 leather armour "Loghonn" {rCorr Int+2 Dex+4} melds into your body.
Your roots penetrate the ground.
You block the gnoll's attack. You block the gnoll's attack.
The gnoll hits you but does no damage.
Drink which item? (? for menu, Esc to quit)
It was a potion of agility.
You feel agile all of a sudden. You block the gnoll's attack.
The gnoll hits you but does no damage. The gnoll barely misses you.
Drink which item? (? for menu, Esc to quit)
It was a potion of haste.
You feel yourself speed up.
You feel sick.
The wyvern bites you but does no damage.
You block the gnoll's attack.
The wyvern bites you but does no damage.
The gnoll hits you but does no damage. You block the gnoll's attack.
You are very lightly contaminated with residual magic.
Read which item? (? for menu, Esc to quit)
As you read the scroll labeled KANUSTR DUIFI KYAQ, it crumbles to dust.
Your brain hurts!
It was a scroll of random uselessness.
You block the wyvern's attack. The gnoll hits you.
You die...

....#
#........# .
...
#........#..
...
#........... #
#.#..
###.......# #.
#.#.#
####.........#
#.##.#.##...
#......)..#
##....#.<#.#
#..g####### ..
#..#....#


#lgg# #. #.....### #.♣.# #.##..#..###.##...# #.....<......##...#
##......#######...# ...#....# #.... #..#..#.# #..... #..#..#.# #..... #..#....#
#...... #..##.### You could see a wyvern and 3 gnolls.

Vanquished Creatures
  A giant frog skeleton (D:3)
  A worker ant (D:4)
  5 adders
  An ooze (D:1)
  2 giant geckos
  5 giant cockroaches
  4 goblins
  3 hobgoblins
  6 jackals (D:3)
  7 bats
  2 giant newts
  8 kobolds
  9 rats
54 creatures vanquished.

Notes
Turn   | Place    | Note
--------------------------------------------------------------
     0 | D:1      | tof the Minotaur Fighter began the quest for the Orb.
     0 | D:1      | Reached XP level 1. HP: 19/19 MP: 0/0
   154 | D:1      | Reached XP level 2. HP: 27/27 MP: 1/1
   262 | D:1      | Reached skill level 4 in Shields
   670 | D:2      | Reached XP level 3. HP: 30/33 MP: 2/2
  1412 | D:3      | Reached XP level 4. HP: 38/40 MP: 3/3
  1618 | D:3      | Found an ancient bone altar of Kikubaaqudgha.
  2251 | D:4      | Got a heavily runed leather armour
  2266 | D:3      | Identified the +3 leather armour "Loghonn" {rCorr Int+2 Dex+4} (You found it on level 4 of the Dungeon)
  2337 | D:4      | Found a white marble altar of Elyvilon.
  2340 | D:4      | Became a worshipper of Elyvilon the Healer
  2344 | D:4      | Noticed a wyvern
  2345 | D:4      | Found a blossoming altar of Fedhas.
  2348 | D:4      | Reached XP level 5. HP: 37/47 MP: 4/4
  2359 | D:4      | HP: 2/47 [poisoned by a worker ant]
  2364 | D:4      | Slain by a gnoll

Vault maps used:
D:1:      elethiomel_arrival_shortcut, minmay_misc_feat_pillars
D:2:      hangedman_decor_push
D:3:      lemuel_round_altar, minmay_cupped
D:4:      kennysheep_mini, kennysheep_little_box, lemuel_round_altar,
          first_bread, minmay_misc_feat_nine_boxes, kennysheep_minor_cross,
          okawaru_gym_becter, uniq_natasha, uniq_pikel

Action                   |  1- 3 |  4- 6 || total
-------------------------+-------+-------++-------
Melee: War axe           |    97 |    54 ||   151
  Use: Scroll            |       |    10 ||    10
       Potion            |       |     4 ||     4
  Eat: Chunk             |     2 |     2 ||     4
